 Dungeon Crawl Stone Soup version 0.21.1-1-g345015fe64 (webtiles) character file.

79 Ivernyr the Shooter (level 4, -2/36 HPs)
             Began as a Centaur Arcane Marksman on Mar 27, 2018.
             Slain by a scorpion (6 damage)
             ... on level 3 of the Dungeon.
             The game lasted 00:13:15 (2886 turns).

Ivernyr the Shooter (Centaur Arcane Marksman)       Turns: 2886, Time: 00:13:15

Health: -2/36      AC:  4    Str: 13    XL:     4   Next: 17%
Magic:  4/5        EV:  9    Int: 12    God:
Gold:   54         SH:  0    Dex: 10    Spells: 4/5 levels left

rFire    . . .     SeeInvis .   (no weapon)
rCold    . . .     Gourm    .   (no shield)
rNeg     . . .     Faith    .   e - +0 robe
rPois    .         Spirit   .   (no helmet)
rElec    .         Reflect  .   (no cloak)
rCorr    .         Harm     .   (no gloves)
MR       .....                  (no barding)
Stlth    +.........             (no amulet)
HPRegen  0.12/turn              (no ring)
MPRegen  0.09/turn              (no ring)

@: lethally poisoned (-2 -> -20), heavily drained, very quick
A: large, hooves 3, deformed body, speed 2, tough skin 3
a: no special abilities


You were on level 3 of the Dungeon.
You were not hungry.

You visited 1 branch of the dungeon, and saw 3 of its levels.

You collected 54 gold pieces.

Inventory:

Hand Weapons
 a - a +0 shortbow
Missiles
 d - 46 arrows
Armour
 e - a +0 robe (worn)
Scrolls
 b - a scroll of identify {unknown}
 h - 3 scrolls of remove curse {unknown}
 k - a scroll of random uselessness {unknown}
 n - 3 scrolls of teleportation {unknown}
 p - a scroll of fear {unknown}
 r - a scroll of blinking {unknown}
Potions
 g - 2 potions of heal wounds {unknown}
 i - 3 potions of haste {unknown}
 j - a potion of might {unknown}
 l - a potion of curing {unknown}
 m - 2 potions of degeneration {unknown}
 o - 2 potions of flight {unknown}
 s - a potion of agility {unknown}
Books
 c - a book of Debilitation

   Spells                             Type                      Level
   a - Corona                         Hexes                        1
   b - Slow                           Hexes                        2
   c - Inner Flame                    Hexes/Fire                   3
   d - Portal Projectile              Hexes/Translocation          3
   e - Cause Fear                     Hexes                        4
   f - Leda's Liquefaction            Hexes/Earth                  4
Comestibles
 f - 5 rations
 q - a chunk of flesh


   Skills:
 + Level 2.1(0.7) Fighting
 * Level 4.6(3.0) Bows
 - Level 1.3(0.0) Dodging
 - Level 1.0(0.0) Spellcasting
 + Level 3.2(1.7) Hexes


You had 4 spell levels left.
You knew the following spells:

 Your Spells              Type           Power        Failure   Level  Hunger
a - Corona                Hex            #......      16%         1    ##.....


Dungeon Overview and Level Annotations

Branches:
Dungeon (3/15)

Altars:
Cheibriados
Vehumet
Wu Jian


Innate Abilities, Weirdness & Mutations

You have hooves in place of feet.
Armour fits poorly on your strangely shaped body.
You cover ground very quickly.
You have extremely tough skin. (AC +3)


Message History

You are lethally poisoned!
The scorpion poisons you!
You barely miss the scorpion. Your kick misses the scorpion.
The scorpion is lightly wounded.
You feel sick.
The scorpion stings you but does no damage.
You hit the scorpion but do no damage.
The scorpion is lightly wounded.
* * * LOW HITPOINT WARNING * * *
You feel sick. The scorpion stings you.
* * * LOW HITPOINT WARNING * * *
You barely miss the scorpion.
The scorpion is lightly wounded.
* * * LOW HITPOINT WARNING * * *
You feel sick. The scorpion barely misses you.
You hit the scorpion but do no damage. Your kick misses the scorpion.
The scorpion is lightly wounded.
* * * LOW HITPOINT WARNING * * *
You feel sick. The scorpion stings you.
You die...

.....########.#
............#.#
.#
...########.#.#
.# ...# #.#.#
.# ...#
#.#.###.# ...#
#.....#.# ####
###.#.#.######
#.#.#.......
#.#.@s# #.....#
#######


You could see a scorpion.

Vanquished Creatures
  A gnoll (D:1)
  An adder (D:2)
  2 oozes
  A dart slug (D:1)
  A leopard gecko (D:1)
  An orc (D:3)
  A ball python (D:1)
  2 bats
  2 giant cockroaches (D:1)
  6 goblins
  4 hobgoblins
  8 jackals
  2 frilled lizards
  6 kobolds
  7 rats
45 creatures vanquished.

Notes
Turn   | Place    | Note
-------+----------+-------------------------------------------
     0 | D:1      | Ivernyr the Centaur Arcane Marksman began the quest for the Orb.
     0 | D:1      | Reached XP level 1. HP: 16/16 MP: 2/2
   274 | D:1      | Reached skill level 3 in Bows
   274 | D:1      | Reached XP level 2. HP: 16/23 MP: 3/3
   828 | D:1      | Reached XP level 3. HP: 25/29 MP: 4/4
  1037 | D:1      | Reached skill level 4 in Bows
  1401 | D:2      | Found an ornate altar of the Wu Jian Council.
  2334 | D:2      | Reached XP level 4. HP: 22/36 MP: 3/5
  2475 | D:2      | Found a snail-covered altar of Cheibriados.
  2711 | D:3      | Found a radiant altar of Vehumet.
  2886 | D:3      | Slain by a scorpion

Skill      XL: |  1  2  3 |
---------------+----------+-----
Bows           | 3 4 |  4.6
Hexes          | 3 |  3.2
Fighting       | 2 |  2.1
Dodging        | |  1.3
Spellcasting   | |  1.0

Action                   |  1- 3 |  4- 6 || total
-------------------------+-------+-------++-------
Melee: Unarmed           |   161 |    77 ||   238
       Kick              |    33 |     9 ||    42
 Fire: Shortbow          |     4 |       ||     4
 Cast: Corona            |     8 |     1 ||     9
  Eat: Chunk             |     3 |     2 ||     5
Armor: Robe              |    54 |    30 ||    84
Dodge: Dodged            |    81 |    40 ||   121
